 Dungeon Crawl Stone Soup version 0.31-a0-949-g57150269e1 (webtiles) character file.

Game seed: 8853938169193076835

456493 DocEon the Axe Maniac (level 23, 0/231 HPs)
             Began as a Minotaur Berserker on Oct 21, 2023.
             Was the Champion of Trog.
             Killed from afar by a living spell (73 damage)
             ... with a crystal spear
             ... summoned by a walking crystal tome
             ... on level 4 of the Depths.
             The game lasted 00:33:22 (43998 turns).

DocEon the Axe Maniac (Minotaur Berserker)         Turns: 43998, Time: 00:33:22

Health: 0/231      AC: 15    Str: 40    XL:     23   Next: 28%
Magic:  19/19      EV: 16    Int:  5    God:    Trog [******]
Gold:   3883       SH:  0    Dex: 12    Spells: 22/22 levels left

rFire   + + +        a - +9 executioner's axe (flame)
rCold   + + +        (shield currently unavailable)
rNeg    + + .        A - +4 plate armour {rF+}
rPois   .            Y - +2 hat {Stlth+}
rElec   +            U - scarf {rC+ rF+}
rCorr   +            X - +2 pair of gloves {Str+3}
SInv    +            c - +2 pair of boots
Will    ++++.        Q - macabre finger necklace {Finger+ rN+} Stlth
                     O - ring "Doprauma" {rElec rN+ Will+ Str+8 Int-3}
HPRegen 1.58/turn    Z - ring of the Ancients {rF+ rC++ rCorr Int+2}
MPRegen 0.16/turn    e - ring of see invisible

%: no passive effects
@: strong-willed, corroded, regenerating
A: horns 2, retaliatory headbutt, low MP 1
}: 2/15 runes: decaying, gossamer
a: Renounce Religion, Berserk, Trog's Hand, Brothers in Arms


You were on level 4 of the Depths.
You worshipped Trog.
Trog was exalted by your worship.
You visited 7 branches of the dungeon, and saw 38 of its levels.
You also visited: Gauntlet and Ice Cave.

You collected 4747 gold pieces.
You spent 864 gold pieces at shops.

Inventory:

Hand Weapons
 a - a +9 executioner's axe of flaming (weapon)
 b - a +7 antimagic executioner's axe
Armour
 c - a +2 pair of boots (worn)
 o - +0 swamp dragon scales
 A - a +4 plate armour of fire resistance (worn)
 U - a scarf of resistance (worn)
 X - a +2 pair of gloves of strength (worn)
 Y - a +2 hat of stealth (worn)
Jewellery
 e - a ring of see invisible (on amulet)
 u - a ring of willpower
 y - a ring of resist corrosion
 O - the ring "Doprauma" (left hand) {rElec rN+ Will+ Str+8 Int-3}
   (You found it in an ice cave)

   [ring of willpower]

   Str+8:     It affects your strength (+8).
   Int-3:     It affects your intelligence (-3).
   rElec:     It insulates you from electricity.
   rN+:       It protects you from negative energy.
   Will+:     It increases your willpower.
 Q - the macabre finger necklace (around neck) {Finger+ rN+}
   (You found it on level 5 of the Lair of Beasts)

   [amulet of nothing]

   Finger+:   It enables you to equip an extra ring.
   rN+:       It protects you from negative energy.
 R - an amulet of regeneration
 Z - the ring of the Ancients (right hand) {rF+ rC++ rCorr Int+2}
   (You found it in a Gauntlet)

   [ring of resist corrosion]

   Int+2:     It affects your intelligence (+2).
   rF+:       It protects you from fire.
   rC++:      It greatly protects you from cold.
   rCorr:     It protects you from acid and corrosion.
Wands
 h - a wand of iceblast (68)
 l - a wand of quicksilver (29)
 p - a wand of mindburst (35)
 q - a wand of paralysis (39)
 w - a wand of digging (5)
 C - a wand of flame (12)
 N - a wand of polymorph (5)
Scrolls
 n - 8 scrolls of immolation
 r - 8 scrolls of teleportation
 z - 7 scrolls of fog
 D - 4 scrolls of enchant armour
 E - 3 scrolls of brand weapon
 G - 15 scrolls of identify
 H - 2 scrolls of blinking
 I - 4 scrolls of poison
 L - 3 scrolls of noise
 M - 5 scrolls of vulnerability
 P - 4 scrolls of fear
 T - 4 scrolls of silence
 V - 3 scrolls of revelation
Potions
 d - 4 potions of invisibility
 f - 5 potions of mutation
 g - 13 potions of curing
 i - 6 potions of brilliance
 j - 6 potions of attraction
 k - 7 potions of ambrosia
 m - 7 potions of heal wounds
 s - 6 potions of magic
 t - 3 potions of cancellation
 v - a potion of lignification
 x - 5 potions of haste
 B - a potion of resistance
 F - 4 potions of berserk rage
 J - 5 potions of might
 K - 7 potions of enlightenment


   Skills:
 * Level 24.3 Fighting
 O Level 27 Axes
 * Level 24.0 Armour
 + Level 16.6 Dodging


You had 22 spell levels left.
You didn't know any spells.
Your spell library was empty.

Dungeon Overview and Level Annotations

Branches:
Dungeon (15/15)            Temple (0/1) D:5            Lair (5/5) D:11
  Swamp (4/4) Lair:2       Spider (4/4) Lair:3        Slime (0/5) Lair:5
    Orc (2/2) D:9             Elf (0/3) Orc:2        Vaults (4/5) D:13
  Crypt (0/3) Vaults:3     Depths (4/4) D:15          IceCv (visited)
Gauntlet (visited)
    Zot: Depths:4

Altars:
Ashenzari
Dithmenos
Fedhas
Gozag
Kikubaaqudgha
Sif Muna
Trog
Uskayaw
Zin
Jiyva
Lugonu

Shops:
D:8 ?   D:12 *   Orc:2 [!?!   Vaults:2 ?   Vaults:3 !   Depths:3 (

Portals:
Hell: Depths:1 Depths:2 Depths:3
Abyss: Depths:1 Depths:3
Pandemonium: Depths:2 Depths:3


Innate Abilities, Weirdness & Mutations

You have a pair of horns on your head.
You reflexively headbutt those who attack you in melee.
Your magical capacity is low. (-10% MP)


Message History

The caustic shrike barely misses you. You furiously retaliate!
You headbutt the caustic shrike, but do no damage.
The caustic shrike claws you!!
* * * LOW HITPOINT WARNING * * *
You are splashed with acid.
You resist.
* * * LOW HITPOINT WARNING * * *
You hit the caustic shrike but do no damage.
Your headbutt misses the caustic shrike.
The caustic shrike misses you.
You feel much better. The caustic shrike claws you.
* * * LOW HITPOINT WARNING * * *
You are splashed with acid.
You resist.
* * * LOW HITPOINT WARNING * * *
The caustic shrike misses you.
The caustic shrike completely misses you.
The caustic shrike claws you!
* * * LOW HITPOINT WARNING * * *
You are splashed with acid.
You resist.
* * * LOW HITPOINT WARNING * * *
The caustic shrike screeches!
You slice the caustic shrike!! You burn the caustic shrike.
Your headbutt misses the caustic shrike.
The caustic shrike is moderately wounded.
You hit the caustic shrike but do no damage.
Your surroundings suddenly seem different.
A walking crystal tome comes into view.
Found 7 stones.
Found an escape hatch in the ceiling.
The walking crystal tome's pages rustle loudly.
Found 4 large rocks.
Your skin crawls.
You feel strong-willed.
Aiming: Dig
Press: ? - help, Shift-Dir - straight line, f - you Please select a direction to dig.
The rock shatters into small pieces.
The walking crystal tome erupts in a flurry of living spells!
The walking crystal tome erupts in a flurry of living spells!
The living spell casts itself at you. The crystal spear hits you!!!!
You die...

####.#*#.#.#.#.
#*..........
##*....######
##;###### ##.##
##*## ##.##
##.## #@## ###


You could see a walking crystal tome and 3 living crystal spells.

Vanquished Creatures
  Saint Roka (Vaults:4)
  The ghost of Sicw the Victor of a Thousand Battles, a veteran GnWn of Okawaru (Depths:1)
  The ghost of Fiun the Victor of a Thousand Battles, a veteran GnWn of Okawaru (Depths:1)
  The ghost of Boniyj the Victor of a Thousand Battles, a veteran GnWn of Okawaru (Depths:1)
  The ghost of Ceenoxoumim the Victor of a Thousand Battles, a veteran GnWn of Okawaru (Depths:1)
  Nikola (Spider:3)
  A golden dragon (IceCv)
  Arachne (Spider:3)
  the Enchantress (Depths:3)
  Norris (Vaults:2)
  Jorgrun (D:15)
  Mlioglotl (Swamp:1)
  Rupert (D:15)
  2 tentacled monstrosities
  A lich (Depths:3)
  3 sphinxes
  Kirke (Swamp:1)
  3 thorn hunters
  Aizul (Swamp:4)
  2 tengu reavers
  An azure jelly (Spider:4)
  The ghost of hattop the Frost Mage, a journeyman NaIE of Ru (Depths:1)
  8 fire giants
  4 fenstrider witches (Swamp:4)
  3 frost giants
  11 vault wardens
  4 ghost moths
  An iron dragon (Depths:4)
  3 emperor scorpions
  2 orc warlords
  3 war gargoyles (Vaults:2)
  6 stone giants
  5 ghouls
  11 ironbound preservers
  9 broodmothers
  3 spriggan defenders (Depths:3)
  A formless jellyfish (Vaults:3)
  4 very ugly things (Depths:1)
  4 ironbound thunderhulks
  A deep elf demonologist (Vaults:2)
  3 spark wasps
  6 bunyips
  8 eleionomae
  A minotaur (Gauntlet)
  2 dire elephants
  2 ettins (Depths:1)
  3 green deaths
  2 crystal guardians
  4 entropy weavers
  Snorg (Orc:1)
  Josephine (Swamp:1)
  An ettin (shapeshifter) (Depths:3)
  6 fire dragons
  Harold (D:11)
  6 yaktaur captains
  A merfolk impaler (Depths:3)
  2 jiangshi (Depths:1)
  Fannar (Lair:2)
  9 vault guards
  8 hydras
  3 peacekeepers
  4 great orbs of eyes
  The ghost of Qigaf the Tainter, a journeyman DsVM of Sif Muna (D:12)
  10 ice dragons
  5 rakshasas
  4 spriggan air magi
  8 alligators
  27 centaur warriors
  2 radroaches
  A jorogumo (Spider:2)
  Erica (Orc:1)
  3 ghost crabs
  6 ironbound frosthearts
  5 ogre magi
  2 catoblepae (Lair:5)
  3 satyrs (Depths:3)
  10 two-headed ogres
  2 deep troll shamans
  5 boulder beetles
  3 deep troll earth magi
  A death scarab (Spider:3)
  A death knight (Vaults:3)
  6 spriggan berserkers (Depths:3)
  A vampire mage (Depths:1)
  6 death yaks
  2 orc high priests (Orc:2)
  6 demonic crawlers
  8 tengu warriors
  2 occultists
  A soul eater (Swamp:4)
  3 hell knights (Depths:1)
  3 sun moths
  Nergalle (Lair:2)
  3 skysharks (Vaults:2)
  3 iron trolls (Depths:2)
  3 sixfirhies
  3 glowing orange brains
  5 pharaoh ants
  6 spriggan druids
  A glowing orange brain (shapeshifter) (Vaults:4)
  A flayed ghost (Vaults:3)
  47 deep trolls
  13 orb spiders
  6 goliath frogs
  9 steelbarb worms
  An orange crystal statue (IceCv)
  5 bog bodies
  6 swamp dragons
  3 deep elf zephyrmancers
  A wolf spider zombie (D:15)
  20 ironbound convokers
  The ghost of grtsk the Covert, a novice OpEn of Ashenzari (D:7)
  6 lindwurms
  5 arcanists
  7 orc knights
  Pikel (D:4)
  5 necromancers
  7 orc sorcerers
  15 wolf spiders
  5 cyclopes
  6 deep elf pyromancers
  A shining eye (shapeshifter) (Depths:3)
  A will-o-the-wisp (Swamp:2)
  6 fauns (Depths:3)
  15 ugly things
  3 manticores
  24 elephants
  3 moths of wrath
  11 vault sentinels
  Maurice (D:12)
  2 black mambas
  An eye of devastation (shapeshifter) (D:12)
  A rust devil (Gauntlet)
  2 smoke demons
  2 water nymphs (Depths:3)
  9 torpor snails
  5 orange demons (Swamp:4)
  4 cane toads
  4 gargoyles
  2 unseen horrors
  A centaur skeleton (D:15)
  A storm dragon simulacrum (IceCv)
  3 freezing wraiths
  9 komodo dragons
  18 yaktaurs
  A kobold demonologist (D:12)
  2 efreet
  7 golden dragon simulacra (IceCv)
  5 tengu conjurers
  2 rime drakes
  A red devil (Gauntlet)
  10 trolls
  10 tyrant leeches
  3 meliai (D:14)
  A hellwing (Swamp:4)
  4 polar bears
  11 hornets
  A wolf spider simulacrum (D:15)
  4 dream sheep (Lair:5)
  28 tarantellas
  8 blink frogs
  36 slime creatures
  10 spriggans
  13 flying skulls (Gauntlet)
  26 jumping spiders
  6 wraiths
  2 shadows (D:12)
  16 culicivoras
  9 wyverns
  A vampire (D:11)
  2 water elementals (Depths:3)
  A ynoxinul (Gauntlet)
  5 hogs
  4 basilisks
  2 chaos spawn (Swamp:4)
  34 yaks
  34 redbacks
  A steam dragon (D:6)
  7 vampire mosquitoes
  A neqoxec (Swamp:4)
  Menkaure (D:6)
  11 swamp worms
  2 wargs (Orc:1)
  3 acid dragons
  14 water moccasins
  20 orc warriors
  4 swamp drakes
  An ice beast (D:5)
  6 black bears
  8 ogres
  4 ice dragon simulacra (IceCv)
  A sky beast (D:7)
  4 boggarts (Vaults:1)
  20 wolves
  4 centaurs
  2 lemures (D:4)
  2 phantoms (D:6)
  6 kobold brigands
  12 bullfrogs
  5 gnoll sergeants
  2 scorpions
  15 wights
  9 lindwurm simulacra (IceCv)
  14 killer bees
  2 howler monkeys
  2 electric eels (D:7)
  3 crimson imps (Gauntlet)
  4 jellies
  3 gnoll boudas (D:9)
  7 hounds
  Crazy Yiuf (D:6)
  21 orc priests
  5 iguanas
  3 iron imps (Gauntlet)
  Ijyb (D:4)
  16 orc wizards
  6 hell rats (Lair:4)
  A boggart simulacrum (D:15)
  22 gnolls
  7 adders
  2 shadow imps (D:7)
  3 white imps
  6 ufetubi
  4 worms
  2 dart slugs (D:1)
  61 orcs
  8 endoplasms
  5 giant cockroaches
  14 goblins
  4 hobgoblins
  6 jackals
  24 kobolds
  6 quokkas
  8 ball pythons
  3 bats
  7 frilled lizards
  A rat (D:2)
  A lurking horror (Depths:1)
  2 spectral weapons (Swamp:3)
1397 creatures vanquished.

Vanquished Creatures (collateral kills)
  An orc high priest (Orc:2)
  An orc knight (Orc:2)
  An orc warrior (Orc:2)
3 creatures vanquished.

Vanquished Creatures (others)
  An eldritch tentacle (Depths:4)
  A bloated husk (Swamp:1)
  A tyrant leech (Swamp:3)
  A jumping spider (Spider:3)
  2 hogs (Swamp:1)
  A boggart (Vaults:1)
  4 foxfires (Swamp:2)
11 creatures vanquished.

Grand Total: 1411 creatures vanquished

Notes
Turn   | Place    | Note
-------+----------+-------------------------------------------
     0 | D:1      | DocEon the Minotaur Berserker began the quest for the Orb.
     0 | D:1      | Reached XP level 1. HP: 19/19 MP: 0/0
    59 | D:1      | Reached skill level 4 in Axes
   181 | D:1      | Reached XP level 2. HP: 23/26 MP: 1/1
   418 | D:1      | Reached ** piety under Trog
   419 | D:1      | Reached skill level 5 in Axes
   538 | D:1      | Reached XP level 3. HP: 31/31 MP: 2/2
  1115 | D:2      | You fall into a shaft and drop 2 floors!
  1168 | D:3      | Found a glowing silver altar of Zin.
  1168 | D:3      | Found an opulent altar of Gozag.
  1237 | D:2      | Reached XP level 4. HP: 38/39 MP: 3/3
  1316 | D:2      | Reached skill level 6 in Axes
  2094 | D:3      | Found a faded altar of an unknown god.
  2658 | D:4      | Identified the +2 glaive "Ybliedur" {freeze, rElec Int+4
                  | Stlth+}
  2775 | D:4      | Noticed Ijyb
  2787 | D:4      | Killed Ijyb
  2787 | D:4      | Reached *** piety under Trog
  2788 | D:4      | Reached skill level 7 in Axes
  2788 | D:4      | Reached XP level 5. HP: 45/45 MP: 4/4
  2845 | D:4      | Found a blossoming altar of Fedhas.
  3002 | D:4      | Noticed a lemure
  3002 | D:4      | Noticed a lemure
  3013 | D:4      | Killed a lemure
  3016 | D:4      | Killed a lemure
  3029 | D:4      | Noticed Pikel
  3030 | D:4      | Noticed a lemure
  3034 | D:4      | Killed Pikel
  3035 | D:4      | Reached skill level 10 in Axes
  3035 | D:4      | Reached XP level 6. HP: 51/51 MP: 5/5
  3035 | D:4      | Reached XP level 7. HP: 57/57 MP: 6/6
  3152 | D:4      | Reached skill level 11 in Axes
  3735 | D:5      | Identified the of Tubreig
  3735 | D:5      | Identified the "Fiqasmin"
  3735 | D:5      | Entered Level 5 of the Dungeon
  3756 | D:5      | Reached XP level 8. HP: 59/64 MP: 7/7
  3839 | D:5      | Reached skill level 12 in Axes
  3878 | D:5      | Found a staircase to the Ecumenical Temple.
  4093 | D:5      | Identified the +6 dagger of Soarr {pain, rF+ Stlth+}
  4236 | D:5      | Found a shimmering blue altar of Sif Muna.
  4263 | D:5      | Found a bloodstained altar of Trog.
  4382 | D:5      | Reached **** piety under Trog
  4559 | D:6      | Noticed Menkaure
  4566 | D:6      | Killed Menkaure
  4567 | D:6      | Reached skill level 13 in Axes
  5153 | D:6      | Reached skill level 14 in Axes
  5156 | D:6      | Reached XP level 9. HP: 70/70 MP: 8/8
  5487 | D:6      | Found a runed translucent door.
  5488 | D:6      | Noticed Crazy Yiuf
  5493 | D:6      | Killed Crazy Yiuf
  5698 | D:7      | Reached skill level 15 in Axes
  5889 | D:7      | Reached skill level 16 in Axes
  6085 | D:7      | Found a large runed translucent door.
  6085 | D:7      | Found a large runed translucent door.
  6596 | D:7      | Noticed a troll
  6597 | D:7      | Noticed a troll
  6597 | D:7      | Noticed a deep elf pyromancer
  6597 | D:7      | Noticed an unseen horror
  6604 | D:7      | Killed a deep elf pyromancer
  6605 | D:7      | Reached skill level 17 in Axes
  6605 | D:7      | Reached XP level 10. HP: 68/77 MP: 9/9
  6645 | D:7      | Reached skill level 18 in Axes
  6650 | D:7      | Identified the +1 chain mail of Legoomat {rC- rN+ Dex+4
                  | Stlth+}
  6734 | D:7      | Noticed grtsk's ghost (novice OpEn)
  6747 | D:7      | Killed grtsk's ghost
  6773 | D:8      | Identified the of Vadasmie
  6781 | D:8      | Reached ***** piety under Trog
  6855 | D:8      | Found Wayckoum's Magic Scroll Emporium.
  6863 | D:8      | Bought a scroll of teleportation for 48 gold pieces
  7197 | D:8      | Reached skill level 19 in Axes
  7353 | D:8      | Found a broken altar of Ashenzari.
  7694 | D:9      | Found a hide-covered altar of Uskayaw.
  8152 | D:9      | Found a staircase to the Orcish Mines.
  8520 | D:10     | Entered Level 10 of the Dungeon
  8606 | D:10     | Reached XP level 11. HP: 80/82 MP: 10/10
  8703 | D:10     | Reached skill level 20 in Axes
  9557 | D:10     | Received a gift from Trog
  9762 | D:10     | Found an ancient bone altar of Kikubaaqudgha.
  9762 | D:10     | Found a shadowy altar of Dithmenos.
  9791 | D:11     | Noticed a boulder beetle
  9803 | D:11     | Killed a boulder beetle
 10376 | D:11     | Found a staircase to the Lair.
 10383 | D:11     | Reached skill level 5 in Fighting
 10423 | D:11     | Noticed a two-headed ogre
 10427 | D:11     | Killed a two-headed ogre
 10428 | D:11     | Reached skill level 5 in Armour
 10870 | D:11     | Noticed Harold
 10878 | D:11     | Killed Harold
 11079 | D:12     | Identified the "Jiadoekh"
 11079 | Lair:1   | Entered Level 1 of the Lair of Beasts
 11472 | Lair:1   | Reached XP level 12. HP: 100/100 MP: 11/11
 12109 | Lair:2   | Found a staircase to the Swamp.
 12109 | Lair:2   | Noticed an eleionoma
 12117 | Lair:2   | Killed an eleionoma
 12118 | Lair:2   | Reached skill level 5 in Dodging
 12481 | Lair:2   | Noticed a death yak
 12483 | Lair:2   | Noticed Nergalle
 12490 | Lair:2   | Killed a death yak
 12498 | Lair:2   | Killed Nergalle
 12567 | Lair:2   | Noticed Fannar
 12575 | Lair:2   | Killed Fannar
 12632 | Lair:2   | Reached skill level 10 in Fighting
 12632 | Lair:2   | Noticed a five-headed hydra
 12638 | Lair:2   | Killed a two-headed hydra
 12638 | Lair:2   | Received a gift from Trog
 12720 | Lair:2   | You fall into a shaft and drop 1 floor!
 12725 | Lair:3   | Reached skill level 10 in Armour
 12838 | Lair:3   | Found a hole to the Spider Nest.
 13190 | Lair:3   | Reached XP level 13. HP: 111/115 MP: 12/12
 14578 | Lair:5   | Entered Level 5 of the Lair of Beasts
 14817 | Lair:5   | Found a viscous altar of Jiyva.
 14817 | Lair:5   | Found a staircase to the Slime Pits.
 14838 | Lair:5   | Received a gift from Trog
 15331 | Lair:5   | Reached skill level 21 in Axes
 15333 | Lair:5   | Noticed a dire elephant
 15336 | Lair:5   | Reached XP level 14. HP: 66/129 MP: 13/13
 15533 | Lair:5   | Found the macabre finger necklace {Finger+ rN+}
 15961 | Orc:1    | Entered Level 1 of the Orcish Mines
 16066 | Orc:1    | Noticed Snorg
 16071 | Orc:1    | Killed Snorg
 16078 | Orc:1    | Noticed Erica
 16089 | Orc:1    | Killed Erica
 16288 | Orc:2    | Entered Level 2 of the Orcish Mines
 16376 | Orc:2    | Found a staircase to the Elven Halls.
 16386 | Orc:2    | Reached ****** piety under Trog
 16386 | Orc:2    | Received a gift from Trog
 17254 | Orc:2    | Found Pioceaf's Distillery.
 17254 | Orc:2    | Found Tezusuofue's Armour Shop.
 17256 | Orc:2    | Found Qeatelos's Distillery.
 17256 | Orc:2    | Found Ynneg's Magic Scroll Shop.
 17264 | Orc:2    | Bought a potion of heal wounds for 75 gold pieces
 17264 | Orc:2    | Bought a potion of heal wounds for 75 gold pieces
 17264 | Orc:2    | Bought a potion of heal wounds for 75 gold pieces
 17272 | Orc:2    | Bought a potion of heal wounds for 85 gold pieces
 17272 | Orc:2    | Bought a potion of haste for 170 gold pieces
 17539 | D:12     | Noticed Maurice
 17544 | D:12     | Something stole a ring of positive energy
 17553 | D:12     | Something stole a +5 battleaxe of flaming
 17563 | D:12     | Paralysed by something for 2 turns
 17582 | D:12     | Paralysed by something for 2 turns
 17585 | D:12     | Killed Maurice
 17600 | D:12     | Found a transporter.
 17600 | D:12     | Noticed Qigaf's ghost (journeyman DsVM)
 17601 | D:12     | Noticed a fire giant
 17606 | D:12     | Received a gift from Trog
 17609 | D:12     | Found a transporter.
 17880 | D:12     | Found Orowekk's Changing Room.
 18153 | D:12     | Identified the +3 leather armour of Jipn {rN+ Dex+5 SInv}
 18859 | D:13     | Found a gate to the Vaults.
 19801 | D:14     | Identified the +1 leather armour of the Tundras {rC+}
 20510 | D:14     | Reached skill level 10 in Dodging
 20544 | D:14     | Reached skill level 22 in Axes
 20846 | D:15     | Entered Level 15 of the Dungeon
 20846 | D:15     | Found a gate leading to a gauntlet.
 20850 | D:15     | Reached skill level 15 in Fighting
 20852 | D:15     | Reached XP level 15. HP: 128/141 MP: 14/14
 20860 | Gauntlet | Entered a Gauntlet
 20860 | Gauntlet | Found a transporter.
 20860 | Gauntlet | Found a transporter.
 20860 | Gauntlet | Found a transporter.
 20889 | Gauntlet | Found a runed translucent door.
 20892 | Gauntlet | Found a transporter.
 20893 | Gauntlet | Found a transporter.
 20904 | Gauntlet | Found a transporter.
 20904 | Gauntlet | Found a transporter.
 20913 | Gauntlet | Found a transporter.
 20930 | Gauntlet | Found a transporter.
 20949 | Gauntlet | Found a transporter.
 20950 | Gauntlet | Found a transporter.
 20960 | Gauntlet | Found a transporter.
 21125 | Gauntlet | Identified the ring of the Ancients {rF+ rC++ rCorr Int+2}
 21289 | D:15     | Reached skill level 15 in Armour
 21329 | D:15     | Noticed Rupert
 21335 | D:15     | Killed Rupert
 21336 | D:15     | Noticed Jorgrun
 21352 | D:15     | Killed Jorgrun
 21704 | D:15     | Found a staircase to the Depths.
 22092 | D:12     | Killed Qigaf's ghost
 22098 | D:12     | Killed a fire giant
 22295 | Spider:1 | Entered Level 1 of the Spider Nest
 23216 | Spider:2 | Noticed an emperor scorpion
 23223 | Spider:2 | Killed an emperor scorpion
 23318 | Spider:2 | Received a gift from Trog
 23386 | Spider:2 | Reached XP level 16. HP: 152/152 MP: 15/15
 23412 | Spider:2 | Reached skill level 23 in Axes
 23747 | Spider:2 | Identified the +5 great sword of the Unspeakable One
                  | {antimagic, *Slow rN+ Dex+5}
 23828 | Spider:3 | Noticed Arachne
 23842 | Spider:3 | Killed Arachne
 24292 | Spider:3 | Noticed Nikola
 24316 | Spider:3 | Killed Nikola
 24861 | Spider:4 | Entered Level 4 of the Spider Nest
 25045 | Spider:4 | Found a frozen archway.
 25083 | IceCv    | Entered an ice cave
 25142 | IceCv    | Received a gift from Trog
 25397 | IceCv    | Noticed a golden dragon
 25410 | IceCv    | Killed a golden dragon
 25476 | IceCv    | Identified the ring "Doprauma" {rElec rN+ Will+ Str+8
                  | Int-3}
 25992 | Spider:4 | Reached XP level 17. HP: 111/163 MP: 0/16
 26119 | Spider:4 | Reached skill level 24 in Axes
 26130 | Spider:4 | Identified the +10 executioner's axe "Qimuem" {heavy, Str+3
                  | Dex+6} (Trog gifted it to you on level 4 of the Spider
                  | Nest)
 26130 | Spider:4 | Received a gift from Trog
 26459 | Spider:4 | Got a gossamer rune of Zot
 26902 | Swamp:1  | Entered Level 1 of the Swamp
 27097 | Swamp:1  | Noticed Kirke
 27098 | Swamp:1  | Noticed Mlioglotl
 27108 | Swamp:1  | Killed Mlioglotl
 27111 | Swamp:1  | Killed Kirke
 27604 | Swamp:1  | Noticed Josephine
 27607 | Swamp:1  | Killed Josephine
 27643 | Swamp:1  | Identified the +1 ring mail of the Nexus {rElec rN+ Regen+
                  | Dex-2}
 27815 | Swamp:1  | Received a gift from Trog
 29486 | Swamp:3  | Noticed a tentacled monstrosity
 29492 | Swamp:3  | Killed a tentacled monstrosity
 29956 | Swamp:4  | Entered Level 4 of the Swamp
 30136 | Swamp:4  | Reached XP level 18. HP: 145/176 MP: 17/17
 30140 | Swamp:4  | Received a gift from Trog
 30574 | Swamp:4  | Noticed Aizul
 30580 | Swamp:4  | Killed Aizul
 30852 | Swamp:4  | Reached skill level 25 in Axes
 30911 | Swamp:4  | Gained mutation: Your magical capacity is low. (-10% MP) [a
                  | neqoxec]
 31138 | Swamp:4  | Found the +7 hand cannon "Mule" {flame, backblast, rF+}
 31504 | Swamp:4  | Got a decaying rune of Zot
 31678 | Swamp:4  | Received a gift from Trog
 32002 | Vaults:1 | Entered Level 1 of the Vaults
 33786 | Vaults:2 | Noticed Norris
 33809 | Vaults:2 | Killed Norris
 33896 | Vaults:2 | Identified the +10 executioner's axe "Hell-Harrower"
                  | {heavy, *Rage +Blink Str+4} (Trog gifted it to you on level
                  | 2 of the Vaults)
 33896 | Vaults:2 | Received a gift from Trog
 34044 | Vaults:2 | Reached XP level 19. HP: 173/186 MP: 16/16
 34741 | Vaults:2 | Reached skill level 26 in Axes
 34797 | Vaults:2 | Found Plog's Magic Scroll Shop.
 34802 | Vaults:2 | Bought a scroll of teleportation for 60 gold pieces
 34802 | Vaults:2 | Bought a scroll of teleportation for 60 gold pieces
 34802 | Vaults:2 | Bought a scroll of identify for 40 gold pieces
 34802 | Vaults:2 | Bought a scroll of identify for 40 gold pieces
 35191 | Vaults:2 | Identified the +5 short sword of Untruth {heavy, rPois
                  | Dex+3} (Trog gifted it to you on level 2 of the Vaults)
 35191 | Vaults:2 | Received a gift from Trog
 35742 | Vaults:3 | Identified the +1 robe "Zeow" {rN+++ Str+2 Dex+3 SInv}
 36263 | Vaults:3 | Received a gift from Trog
 36550 | Vaults:3 | Found Simyqa's Distillery.
 36577 | Vaults:3 | Bought 2 potions of might for 136 gold pieces
 36765 | Vaults:3 | Found a staircase to the Crypt.
 37491 | Vaults:4 | Reached XP level 20. HP: 179/200 MP: 17/17
 37543 | Vaults:4 | Reached skill level 15 in Dodging
 37721 | Vaults:4 | Received a gift from Trog
 38674 | Vaults:4 | Noticed Saint Roka
 38685 | Vaults:4 | Killed Saint Roka
 39088 | Vaults:5 | Identified the "Orghoeduph"
 39088 | Crypt:3  | Identified the "Qiacetym"
 39088 | Depths:1 | Entered Level 1 of the Depths
 39158 | Depths:1 | Reached skill level 27 in Axes
 39830 | Depths:1 | Found a corrupted altar of Lugonu.
 39831 | Depths:1 | Found a one-way gate to the infinite horrors of the Abyss.
 40031 | Depths:1 | Found a gateway to Hell.
 40134 | Depths:1 | Found a runed translucent gate.
 40134 | Depths:1 | Found a runed translucent gate.
 40134 | Depths:1 | Found a runed translucent gate.
 40134 | Depths:1 | Noticed Boniyj's ghost (veteran GnWn)
 40134 | Depths:1 | Noticed Fiun's ghost (veteran GnWn)
 40134 | Depths:1 | Noticed hattop's ghost (journeyman NaIE)
 40134 | Depths:1 | Noticed Ceenoxoumim's ghost (veteran GnWn)
 40134 | Depths:1 | Noticed Sicw's ghost (veteran GnWn)
 40451 | Depths:1 | Killed hattop's ghost
 40460 | Depths:1 | Killed Ceenoxoumim's ghost
 40463 | Depths:1 | Killed Boniyj's ghost
 40467 | Depths:1 | Killed Fiun's ghost
 40474 | Depths:1 | Killed Sicw's ghost
 40559 | Depths:1 | Identified the staff of Action {Will+ Dex-4 Stlth+ Conj
                  | Necro}
 40886 | Depths:2 | Received a gift from Trog
 41592 | Depths:2 | Found a shimmering blue altar of Sif Muna.
 41722 | Depths:2 | Found a one-way gate leading to the halls of Pandemonium.
 41925 | Depths:3 | You fall into a shaft and drop 1 floor!
 41925 | Depths:4 | Entered Level 4 of the Depths
 42249 | Depths:3 | Reached XP level 21. HP: 203/212 MP: 17/17
 42368 | Depths:3 | Found Tajoav's Weapon Shoppe.
 42693 | Depths:3 | Received a gift from Trog
 43152 | Depths:3 | Identified the +6 dagger "Aretosof" {spect, Fly rCorr Dex+6
                  | Stlth+}
 43458 | Depths:3 | Noticed the Enchantress
 43469 | Depths:3 | Killed the Enchantress
 43507 | Depths:3 | Identified the +4 battleaxe of Tartarus {spect, Dex+2}
 43515 | Depths:3 | Identified the staff of the Feeding Augurer {rElec rN+ Air}
 43881 | Depths:3 | Reached XP level 22. HP: 222/222 MP: 18/18
 43882 | Depths:3 | Reached XP level 23. HP: 231/231 MP: 19/19
 43926 | Depths:4 | Noticed a caustic shrike
 43927 | Depths:4 | Noticed a caustic shrike
 43928 | Depths:4 | Noticed a caustic shrike
 43928 | Depths:4 | Noticed a caustic shrike
 43998 | Depths:4 | Killed from afar by a living spell

Illustrated notes

Levels and vault maps discovered:
D:1:      ncdulo_halloftheorcs, layout_basic, minmay_tetromino_o2
D:2:      layout_basic
D:3:      layout_loops_cross, grunt_temple_overflow_gold_and_silver,
          hellmonk_ecumenical_altar_blasted, minmay_misc_feat_hallway
D:4:      kennysheep_the_goblin_king, layout_loops_ring,
          mainiacjoe_overflow_catwalk, minmay_between, uniq_pikel
D:5:      layout_loops_ring, nzn_overflow_gifts_of_might_and_magic,
          minmay_temple_entry_gardened_gates
D:6:      layout_loops_ring, uniq_menkaure, uniq_crazy_yiuf_cottage
D:7:      minmay_the_grid_triangle_9x9_rhombus_thin
          [minmay_the_grid_triangle_9x9_alien,
          minmay_the_grid_triangle_9x9_prize_center,
          minmay_the_grid_triangle_9x9_sparse_checkered,
          minmay_the_grid_triangle_9x9_pentomino_pain], layout_basic,
          ebering_ghost_disaster_area, fountainhead
D:8:      layout_cave_pools, old_standard_altar, serial_shops, shop
D:9:      layout_big_octagon, eat_drink_and_be_merry_uskayaw, orc_0_dummy,
          serial_gnoll_camp, gnoll_camp_mini_doghouse, gnoll_camp_mini_hut,
          gnoll_camp_mini_hut, gnoll_camp_mini_hut, gnoll_camp_mini_hut,
          gnoll_camp_mini_basic
D:10:     nicolae_hitomezashi [nicolae_hito_row, nicolae_hito_row,
          nicolae_hito_row, nicolae_hito_row, nicolae_hito_row,
          nicolae_hito_row, nicolae_hito_row, nicolae_hito_row,
          nicolae_hito_row, nicolae_hito_row, nicolae_hito_row,
          nicolae_hito_row, nicolae_hito_row, nicolae_hito_row,
          nicolae_hito_row, nicolae_hito_row, nicolae_hito_row,
          nicolae_hito_row], layout_stronghold, gammafunk_temple_overflow_pools
D:11:     layout_rooms, david_lair_generic, serial_corexii_hall,
          corexii_hall_statues_i, corexii_hall_statues_x,
          corexii_hall_statues_x, corexii_hall_statues_s,
          corexii_hall_statues_u, corexii_hall_statues_x, eino_jars, uniq_harold
D:12:     layout_loops_ring, gammafunk_ghost_arena, nicolae_transmutations_shop,
          uniq_maurice
D:13:     layout_layer_cave, david_vaults_1
D:14:     layout_stronghold, roderic_lattice_a, minmay_misc_feat_tiny
D:15:     grunt_enter_depths_magical_seal, layout_small_grid,
          gauntlet_entry_generic, minmay_fountain_box, uniq_jorgrun, uniq_rupert
Lair:1:   layout_cave_pods, cheibrodos_lair_caveside_slide, serial_bayou_pond_d,
          minivault_24, guppyfry_lair_drakes, serial_bayou_shore_b
Lair:2:   layout_regular_city, alex1729_swamp_entry_worm_eleionoma, st_stairs_4,
          uniq_fannar, uniq_nergalle
Lair:3:   layout_regular_city, spider_nest_entry_rubble, grunt_megastairs_4
Lair:4:   layout_gridlike
Lair:5:   grunt_lair_end_beastmaster, layout_gridlike, slime_entry_1
Swamp:1:  layout_falls_marsh, evilmike_swamp_ruin_house_2, swamp_pool5,
          uniq_mlioglotl, uniq_kirke, uniq_josephine
Swamp:2:  layout_falls_marsh, nicolae_swamp_tree_isthmus, swamp_pool2,
          hangedman_swamp_wriggling
Swamp:3:  layout_basic_swamp, evilmike_swamp_ruin_house_3, swamp_pool4
Swamp:4:  nzn_swamp_witches_coven, layout_basic_swamp, uniq_aizul
Spider:1: layout_spider_delve
Spider:2: nicolae_spider_brood_tunnel, drop_trap
Spider:3: layout_spider_delve, nicolae_spider_nook,
          hangedman_spider_tarantella_strand, nicolae_spider_cling_halls,
          uniq_nikola, uniq_arachne
Spider:4: hellmonk_spider_rune_endless_swarm,
          portal_ice_cave_entry_frozen_things
Orc:1:    layout_diamond_mine, uniq_erica, uniq_snorg
Orc:2:    grunt_orc_tribal_feast, layout_diamond_mine
Vaults:1: v_misc_13, nicolae_vaults_network_star, v_misc_2, v_misc_13,
          vaults_room_door_ring, layout_vaults_quadrants
Vaults:2: nicolae_vaults_ring_of_whatevers, grunt_vaults_swirl,
          nicolae_vaults_trapezoid_lopsided_4,
          nicolae_vaults_disappearing_quadrants, vaults_room_fancy_cross,
          nicolae_vaults_double_plus_1, vaults_mumra_lcd, v_misc_17,
          nicolae_vaults_wrenched, v_misc_27, nicolae_vaults_network_barrier,
          nicolae_vaults_tetromino_L_2, vaults_mumra_minichess_inversion,
          nicolae_vaults_apartment_1, vaults_room_large_hall,
          ontoclasm_vaults_shuriken, layout_vaults_omnibox, serial_shops, shop,
          uniq_norris
Vaults:3: vaults_room_ringed_pool, ontoclasm_vaults_loading_screen,
          minmay_crypt_entry_simple_round, nicolae_vaults_frosty_reception,
          hangedman_vaults_capsules, ontoclasm_vaults_ring_small,
          nicolae_vaults_sesquioval_fish, v_misc_23, layout_vaults_big_room,
          serial_shops, shop
Vaults:4: v_misc_14, nicolae_vaults_little_squares_2,
          nicolae_vaults_tetromino_T_1, v_misc_24, v_misc_24, vaults_room_boxed,
          hangedman_vaults_stagger, nicolae_vaults_double_plus_3,
          ontoclasm_vaults_loading_screen, grunt_vaults_diagonal,
          nicolae_vaults_hexular_roomagon, nicolae_vaults_little_squares_1,
          nicolae_vaults_tetromino_L_1, nicolae_vaults_little_squares_4,
          layout_vaults_maze_snakey, uniq_saint_roka
Depths:1: layout_forbidden_donut, minmay_holes, grunt_metal_band,
          gammafunk_ghost_cemetery, amcnicky_altar_lugonu_corruption
Depths:2: nicolae_cairo_tiling_large_dashed, layout_long_grid, hell_entry,
          lemuel_coloured_pillars_altar, grunt_pan_entry_zigzag
Depths:3: grunt_forest_end_winery, layout_gridlike, abyss_entry,
          grunt_decor_fettered, hell_entry, serial_shops, kennysheep_mini_moat,
          pan_entry
Depths:4: lemuel_castle_with_subvaults [lemuel_castle_interior_original],
          layout_basic, enter_ziggurat_a, fedhas_altar_2, serial_glass,
          glass_columns_a, glass_columns_c, glass_columns_a, glass_columns_c,
          hell_entry, minmay_shop_grove

Skill      XL: |  1  2  3  4  5  6  7  8  9 10 11 12 13 14 15 16 17 18 19 20 21 22 |
---------------+-------------------------------------------------------------------+-----
Axes           | 4 5 7 10 11 14 17 19 20 21 22 23 24 25 26 27 | 27.0
Fighting       | 7 10 13 15 16 18 19 20 22 23 24 | 24.3
Armour         | 6 10 12 14 16 17 19 20 21 23 24 | 24.0
Dodging        | 4 7 8 10 11 12 13 14 16 | 16.6

Action                     |  1- 3 |  4- 6 |  7- 9 | 10-12 | 13-15 | 16-18 | 19-21 | 22-24 || total
---------------------------+-------+-------+-------+-------+-------+-------+-------+-------++-------
  Melee: Hand axe          |    82 |    49 |     6 |   267 |       |       |       |       ||   404
         Headbutt          |    10 |    11 |    43 |   105 |   144 |   187 |   144 |     1 ||   645
         Punch             |     1 |     1 |     3 |     1 |       |       |       |       ||     6
         War axe           |       |    56 |   245 |       |       |       |       |       ||   301
         Battleaxe         |       |       |       |   200 |   120 |       |       |       ||   320
         Executioner's axe |       |       |       |       |   586 |   917 |   651 |     6 ||  2160
         Unarmed           |       |       |       |       |       |    11 |       |       ||    11
 Invoke: Berserk           |       |     2 |     6 |     6 |     4 |     2 |     4 |       ||    24
         Trog's Hand       |       |       |       |     2 |     5 |    12 |     7 |     1 ||    27
         Brothers in Arms  |       |       |       |       |     1 |       |       |       ||     1
  Evoke: Wand              |       |       |       |       |       |       |       |     1 ||     1
    Use: Scroll            |     2 |       |     7 |     7 |    14 |     5 |     7 |     2 ||    44
         Potion            |       |       |       |       |     1 |     7 |     4 |     2 ||    14
   Stab: Sleeping          |       |     1 |       |       |       |       |       |       ||     1
 Armour: Animal skin       |    39 |    36 |       |       |       |       |       |       ||    75
         Chain mail        |       |    26 |   180 |    30 |   102 |   487 |       |       ||   825
         Plate armour      |       |       |       |   344 |   461 |   169 |   707 |    22 ||  1703
         Swamp dragon scal |       |       |       |       |       |   272 |       |       ||   272
         Skin              |       |       |       |       |       |     1 |       |       ||     1
  Dodge: Dodged            |    50 |    56 |   103 |   186 |   551 |   597 |   375 |    12 ||  1930

Table legend: (Time is in decaauts)
 A = Elapsed time spent in this place.
 B = Non-inter-level travel time spent in this place.
 C = Inter-level travel time spent in this place.
 D = Time resting spent in this place.
 E = Time spent auto-exploring this place.
 F = Levels seen in this place.
 G = Mean time per level.
                   A        B        C        D        E       F      G
               +--------+--------+--------+--------+--------+-----+--------+
         Total |  44032 |  41997 |   2035 |   5994 |  29708 |  40 | 1100.8 |
       Dungeon |  15912 |  15031 |    881 |   1772 |  11119 |  15 | 1060.8 |
          Lair |   5399 |   4922 |    477 |    538 |   3710 |   5 | 1079.8 |
         Swamp |   4748 |   4605 |    143 |   1192 |   2686 |   4 | 1187.0 |
   Spider Nest |   3974 |   3835 |    139 |    422 |   2612 |   4 |  993.5 |
  Orcish Mines |   1408 |   1287 |    121 |    208 |    864 |   2 |  704.0 |
        Vaults |   6855 |   6646 |    209 |    993 |   4876 |   4 | 1713.8 |
        Depths |   4851 |   4789 |     62 |    763 |   3406 |   4 | 1212.8 |
      Ice Cave |    460 |    460 |      0 |     89 |    186 |   1 |  460.0 |
      Gauntlet |    421 |    421 |      0 |     14 |    246 |   1 |  421.0 |
               +--------+--------+--------+--------+--------+-----+--------+

Top non-repeatable levels by time:
Vaults:2: 2139 daAuts
Depths:3: 1978 daAuts
 Swamp:4: 1953 daAuts
Depths:1: 1743 daAuts
Vaults:4: 1675 daAuts
Vaults:1: 1547 daAuts
Vaults:3: 1492 daAuts
    D:13: 1459 daAuts
    D:11: 1443 daAuts
     D:4: 1327 daAuts
    D:10: 1250 daAuts
 Swamp:2: 1244 daAuts
Spider:4: 1201 daAuts
  Lair:5: 1201 daAuts
Spider:3: 1194 daAuts
